 Dungeon Crawl Stone Soup version 0.26.0-10-g1f06aea511 (webtiles) character file.

Game seed: 863132516599766813

284 runemasterragnar the Cutter (level 6, -6/39 HPs)
             Began as a Halfling Warper on Jan 13, 2021.
             Killed from afar by an orc wizard (8 damage)
             ... with a puff of frost
             ... on level 3 of the Dungeon.
             The game lasted 00:05:49 (3004 turns).

runemasterragnar the Cutter (Halfling Warper)       Turns: 3004, Time: 00:05:50

Health: -6/39      AC:  5    Str: 12    XL:     6   Next: 55%
Magic:  9/9        EV: 14    Int: 11    God:
Gold:   105        SH:  0    Dex: 16    Spells: 7/9 levels left

rFire    . . .     SeeInvis .   j - +0 hunting sling
rCold    . . .     Faith    .   (shield restricted)
rNeg     . . .     Spirit   .   n - +0 ring mail
rPois    .         Reflect  .   (no helmet)
rElec    .         Harm     .   (no cloak)
rCorr    .         Rampage  .   (no gloves)
Will     .....                  (no boots)
Stlth    +.........             (no amulet)
HPRegen  0.13/turn              (no ring)
MPRegen  0.11/turn              (no ring)

@: no status effects
A: small, mutation resistance 1
a: no special abilities


You were on level 3 of the Dungeon.
You visited 1 branch of the dungeon, and saw 3 of its levels.

You collected 105 gold pieces.

Inventory:

Hand Weapons
 a - a +0 short sword
 j - a +0 hunting sling (weapon)
 m - a +0 dagger
Missiles
 p - 100 stones (quivered ammo)
Armour
 n - a +0 ring mail (worn)
Scrolls
 b - a scroll of enchant armour {unknown}
 d - a scroll of blinking
 i - a scroll of teleportation {unknown}
 k - a scroll of amnesia {unknown}
 l - 3 scrolls of magic mapping
 o - a scroll of random uselessness {unknown}
 s - a scroll of fog
 u - a scroll of fear {unknown}
Potions
 f - 2 potions of invisibility
 g - a potion of brilliance
 q - a potion of berserk rage
 r - 2 potions of heal wounds
 t - a potion of degeneration


   Skills:
 + Level 2.3 Fighting
 * Level 4.0 Short Blades
 * Level 3.5(3.7) Slings
 - Level 1.0(1.8) Throwing
 + Level 2.4 Armour
 + Level 3.1 Dodging
 + Level 1.9 Stealth
 + Level 2.1 Spellcasting
 + Level 3.9 Translocations


You had 7 spell levels left.
You knew the following spells:

 Your Spells              Type           Power        Failure   Level
a - Blink                 Tloc           N/A          19%         2

Your spell library contained the following spells:

 Spells                   Type           Power        Failure   Level
 Gell's Gravitas          Tloc           4%           36%         3
 Lesser Beckoning         Tloc           4%           36%         3
 Teleport Other           Tloc           9%           36%         3
 Passage of Golubria      Tloc           N/A          77%         4


Dungeon Overview and Level Annotations

Branches:
Dungeon (3/15)

Altars:


Innate Abilities, Weirdness & Mutations

You are small and have problems with some larger weapons.
You are somewhat resistant to further mutation.


Message History

* * * LOW HITPOINT WARNING * * *
Something hits you but does no damage.
Fire: 101 stones
Press: ? - help, Q - select action, (/) - cycle Shift-Dir - straight line, f - you Really target yourself? [Y]es or [N]o only, please.
Really target yourself?
Okay, then.
Unknown command.
Fire: 101 stones
Press: ? - help, Q - select action, (/) - cycle Shift-Dir - straight line You shoot a stone.
You hear some strange, mumbled words.
A puff of frost appears from out of thin air!
The puff of frost hits you!
* * * LOW HITPOINT WARNING * * *
You hear some strange, mumbled words.
A puff of frost appears from out of thin air!
The puff of frost hits you!
You die...

#.<# #######..#####
#.............
#.#.####.##### #.#.#
#.# . #.#.# #.# ...
#.#.# #.#
#(.########.#.# #.#
#(>ยง(){@..#.#[####.#
#.#######.#.....##.#
## #.#.###....####.
#.#.# #.........
#.#.###.###.###.
#.#.......)<)...
######.####..###.###.
..............# #.#
#. #######.......#
#.###.


There were no monsters in sight!

Vanquished Creatures
  A bullfrog (D:3)
  A hound (D:2)
  A bullfrog skeleton (D:3)
  An orc priest (D:3)
  5 adders
  3 worms
  A dart slug (D:2)
  2 leopard geckos
  11 orcs (D:3)
  3 giant cockroaches
  5 goblins
  8 hobgoblins
  2 jackals (D:3)
  A quokka (D:3)
  3 ball pythons
  10 bats
  4 frilled lizards
  3 kobolds
  4 rats
69 creatures vanquished.

Notes
Turn   | Place    | Note
-------+----------+-------------------------------------------
     0 | D:1      | runemasterragnar the Halfling Warper began the quest for
                  | the Orb.
     0 | D:1      | Reached XP level 1. HP: 14/14 MP: 3/3
   135 | D:1      | Reached XP level 2. HP: 18/19 MP: 4/4
   234 | D:1      | Reached skill level 1 in Slings
   729 | D:2      | Reached XP level 3. HP: 24/24 MP: 5/5
   883 | D:2      | Reached skill level 3 in Short Blades
   883 | D:2      | Reached skill level 1 in Stealth
   883 | D:2      | Reached XP level 4. HP: 15/29 MP: 6/6
  1797 | D:2      | Reached XP level 5. HP: 33/34 MP: 7/7
  2114 | D:3      | Learned a level 2 spell: Blink
  2355 | D:3      | Reached XP level 6. HP: 15/39 MP: 9/9
  2980 | D:3      | Reached skill level 4 in Short Blades
  3004 | D:3      | Killed from afar by an orc wizard

Illustrated notes

Levels and vault maps discovered:
D:1:      giann_bridges, layout_loops_ring
D:2:      layout_basic, minmay_misc_feat_secret_circle
D:3:      cheibrodos_old_hovel, layout_loops_ring,
          grunt_temple_overflow_diamond, minmay_misc_feat_tiny

Skill      XL: |  1  2  3  4  5  6 |
---------------+-------------------+-----
Slings         | 1 2 3 |  3.5
Fighting       | 2 |  2.3
Short Blades   | 3 4 |  4.0
Stealth        | 1 |  1.9
Armour         | 2 |  2.4
Spellcasting   | 2 |  2.1
Dodging        | 3 |  3.1
Throwing       | |  1.0
Translocations | |  3.9

Action                   |  1- 3 |  4- 6 || total
-------------------------+-------+-------++-------
Melee: Short sword       |    57 |   142 ||   199
 Fire: Hunting sling     |       |     6 ||     6
Throw: Dart              |    30 |    99 ||   129
       Boomerang         |       |     5 ||     5
  Use: Scroll            |       |     7 ||     7
 Stab: Sleeping          |     1 |     1 ||     2
Armor: Leather armour    |    12 |       ||    12
       Ring mail         |     8 |    47 ||    55
Dodge: Dodged            |    58 |   104 ||   162
